 Dungeon Crawl Stone Soup version 0.30.0-10-gfe55d96785 (webtiles) character file.

Game seed: 15933149954937859574

535 RascalDebosk the Magician (level 7, -2/50 HPs)
             Began as a Djinni Earth Elementalist on May 14, 2023.
             Slain by Duvessa
             ... wielding a +0 short sword
              (4 damage)
             ... on level 5 of the Dungeon.
             The game lasted 00:32:48 (2842 turns).

RascalDebosk the Magician (DjEE)                    Turns: 2842, Time: 00:32:48

Health: -2/50      AC:  5    Str:  7    XL:     7   Next: 50%
Gold:   59         EV: 10    Int: 18    God:
                   SH:  0    Dex: 20

rFire   + + .        s - +2 dagger (elec)
rCold   x . .        (no shield)
rNeg    . . .        f - +0 ring mail
rPois   ∞            (no helmet)
rElec   .            (no cloak)
rCorr   .            (no gloves)
SInv    .            (boots unavailable)
Will    .....        (no amulet)
Stlth   ++           i - +6 ring of dexterity
HPRegen 0.28/turn    (no ring)
MPRegen 0.00/turn

%: infuse magic (-3 HP)
@: flying
A: sickness immunity, fire resistance 2, cold vulnerability 1, float, innate
caster, HP casting, extra vitality 1
a: no special abilities


You were on level 5 of the Dungeon.
You visited 1 branch of the dungeon, and saw 5 of its levels.

You collected 156 gold pieces.
You spent 97 gold pieces at shops.

Inventory:

Hand Weapons
 e - a +4 short sword
 s - a +2 dagger of electrocution (weapon)
Armour
 a - a +0 robe
 f - a +0 ring mail (worn)
 r - a +0 buckler
Jewellery
 i - a +6 ring of dexterity (left hand)
 x - an amulet of faith
Scrolls
 b - a scroll of torment {unknown}
 d - a scroll of poison {unknown}
 g - a scroll of blinking
 h - 4 scrolls of identify {unknown}
 j - 3 scrolls of fear {unknown}
 l - 2 scrolls of enchant armour {unknown}
 m - 2 scrolls of acquirement {unknown}
 p - a scroll of brand weapon {unknown}
 v - a scroll of teleportation {unknown}
 w - 3 scrolls of noise {unknown}
Potions
 c - 2 potions of lignification {unknown}
 k - 4 potions of heal wounds {unknown}
 n - a potion of might {unknown}
 o - a potion of brilliance {unknown}
 q - a potion of attraction {unknown}
 t - 2 potions of resistance {unknown}
 u - 2 potions of curing {unknown}
 z - a potion of invisibility {unknown}


   Skills:
 * Level 3.3 Fighting
 + Level 2.2 Armour
 - Level 2.1 Dodging
 + Level 2.6 Stealth
 * Level 4.8 Spellcasting


You knew the following spells:

 Your Spells              Type           Power      Damage    Failure   Level
a - Sandblast             Erth           42%        2d11      6%          1
b - Passwall              Tmut/Erth      17%        N/A       10%         2
c - Stone Arrow           Conj/Erth      42%        3d9       19%         3
d - Petrify               Tmut/Erth      21%        N/A       52%         4
e - Shock                 Conj/Air       84%        1d8       6%          1
f - Poisonous Vapours     Pois/Air       42%        N/A       10%         2
g - Gell's Gravitas       Tloc           21%        N/A       19%         3
Your spell library was empty.

Dungeon Overview and Level Annotations

Branches:
Dungeon (5/15)
 Temple: D:4-7

Altars:

Shops:
D:4 ?=((

Annotations:
D:5 Dowan, Duvessa


Innate Abilities, Weirdness & Mutations

You are immune to sickness and miasma.
You are immune to poison.
Your flesh is very heat resistant. (rF++)
You are vulnerable to cold. (rC-)
You float through the air rather than walking.
You learn spells naturally, not from books.
Your magical power is your life essence.
You have superior vitality. (+4 MHP)


Message History

Casting: Sandblast (safe; 7% risk of failure)
Confirm with . or Enter, or press ? or * to list all spells.
Aiming: Sandblast (safe; 7% risk of failure)
Press: ? - help, Shift-Dir - straight line, f/p - phantom
Aim: a phantom (severely damaged, 76% to hit)
You miscast Sandblast.
You are very lightly contaminated with residual magic.
Nothing appears to happen.
The phantom barely misses you.
Casting: Sandblast (safe; 7% risk of failure)
Confirm with . or Enter, or press ? or * to list all spells.
Aiming: Sandblast (safe; 7% risk of failure)
Press: ? - help, Shift-Dir - straight line, f/p - phantom
Aim: a phantom (severely damaged, 76% to hit)
The blast of sand hits the phantom!
You destroy the phantom!
You start resting.
Your magical contamination has completely faded away.
You start resting.
HP restored.
x - an amulet of faith
Found 3 gold pieces.
j - 3 scrolls labelled YRRAOPRIRIU (gained 1)
Found a grey potion.
An orc comes into view. It is wielding a +0 hand axe.
You see here 3 gold pieces.
You now have 59 gold pieces (gained 3).
z - a grey potion Dowan, Brother of Duvessa comes into view.
He is wielding a +0 dagger.
Casting: Sandblast (safe; 6% risk of failure)
Confirm with . or Enter, or press ? or * to list all spells.
The spell is quite dangerous to miscast (52% risk of failure)!
Continue anyway?
Okay, then.
Casting: Petrify (quite dangerous; 52% risk of failure)
Confirm with . or Enter, or press ? or * to list all spells.
Aiming: Poisonous Vapours (safe; 10% risk of failure)
Press: ? - help, Dir - move target, f - Dowan
Aim: Dowan, wielding a +0 dagger and wearing a +0 robe (asleep) Poisonous vapours surround Dowan!
Dowan is poisoned.
Dowan shouts!
Duvessa, Sister of Dowan comes into view.
She is wielding a +0 short sword.
Casting: Poisonous Vapours (safe; 10% risk of failure)
Confirm with . or Enter, or press ? or * to list all spells.
Aiming: Poisonous Vapours (safe; 10% risk of failure)
Press: ? - help, Dir - move target, f/p - Dowan
Aim: Dowan, wielding a +0 dagger and wearing a +0 robe (lightly wounded, poisoned) Poisonous vapours surround Dowan!
Dowan looks even sicker.
Duvessa shouts!
Dowan gestures at Duvessa while chanting.
Duvessa seems to speed up.
Unknown command.
Casting: Poisonous Vapours (safe; 10% risk of failure)
Confirm with . or Enter, or press ? or * to list all spells.
Aiming: Poisonous Vapours (safe; 10% risk of failure)
Press: ? - help, Dir - move target, f - Duvessa, p - Dowan
Aim: Duvessa, wielding a +0 short sword and wearing a +0 leather armour (fast) Poisonous vapours surround Duvessa!
Duvessa is poisoned.
A sleepcap comes into view.
Casting: Poisonous Vapours (safe; 10% risk of failure)
Confirm with . or Enter, or press ? or * to list all spells.
Aiming: Poisonous Vapours (safe; 10% risk of failure)
Press: ? - help, Dir - move target, f/p - Duvessa
Aim: Duvessa, wielding a +0 short sword and wearing a +0 leather armour (lightly wounded, fast, poisoned) Poisonous vapours surround Duvessa!
Duvessa looks even sicker.
Casting: Poisonous Vapours (safe; 10% risk of failure)
Confirm with . or Enter, or press ? or * to list all spells.
Aiming: Gell's Gravitas (dangerous; 19% risk of failure)
Press: ? - help, Dir - move target, f - Dowan, p - Duvessa
Aim: Dowan, wielding a +0 dagger and wearing a +0 robe (moderately wounded, very poisoned) Gravity reorients around Dowan.
Dowan says, "Magic and the sword, together, will defeat you."
Duvessa attacks as you move away! Duvessa hits you with a +0 short sword!
Casting: Gell's Gravitas (dangerous; 19% risk of failure)
Confirm with . or Enter, or press ? or * to list all spells.
Aiming: Shock (safe; 6% risk of failure)
Press: ? - help, Shift-Dir - straight line, f - Duvessa, p - Dowan
Aim: Duvessa, wielding a +0 short sword and wearing a +0 leather armour (moderately wounded, fast, poisoned, 77% to hit)
The zap hits Duvessa.
Duvessa is moderately wounded.
Dowan points at you and mumbles some strange words.
The puff of frost hits you!!
You feel a terrible chill!
* * * LOW HITPOINT WARNING * * *
Duvessa hits you with a +0 short sword!
* * * LOW HITPOINT WARNING * * *
Dowan says, "Magic and the sword, together, will defeat you."
Dowan gestures at you while chanting.
You easily resist.
Duvessa barely misses you.
Duvessa looks more healthy.
Dowan says, "Stay away from my face!"
Duvessa hits you with a +0 short sword.
* * * LOW HITPOINT WARNING * * *
An orc priest comes into view. It is wielding a +0 club.
The orc priest shouts!
Dowan casts a spell.
Dowan blinks!
Duvessa hits you but does no damage.
Dowan looks more healthy.
Duvessa hits you with a +0 short sword.
* * * LOW HITPOINT WARNING * * *
Dowan casts a spell at you.
You easily resist.
Duvessa hits you with a +0 short sword.
You die...

. ##...####.#....##
.##..#.#.....#......##.#
....##...............#.#
..♣.♣.♣................#
.♣~~.≈.........[.....#.#
.~~~~~~...o..e.......#.#
..†~~~...f...........#.#
..~~.~...............#.###
...............e@<...#...##
.#.....#...........#......#
..###....)###.##...#......##
..###.....###....#.#.##....#
#..:...⌠.............##.#..#
#.##......#######..####.#..###
#.##......## #..#.........##
#..........# #..............
#..........## #..........#.#.


You could see Duvessa (fast), a sleepcap, Dowan and an orc priest.

Vanquished Creatures
  An ogre (D:4)
  A phantom (D:5)
  A scorpion (D:3)
  2 howler monkeys (D:4)
  3 quasits (D:5)
  An orc wizard (D:4)
  3 adders
  2 shadow imps (D:5)
  An ufetubus (D:5)
  2 worms
  A dart slug (D:4)
  9 orcs
  2 ball pythons
  4 endoplasms
  4 giant cockroaches
  2 goblins
  6 hobgoblins
  2 quokkas
  6 bats
  2 frilled lizards
  8 kobolds
  6 rats
69 creatures vanquished.

Notes
Turn   | Place    | Note
-------+----------+-------------------------------------------
     0 | D:1      | RascalDebosk the Djinni Earth Elementalist began the quest
                  | for the Orb.
     0 | D:1      | RascalDebosk set off with the following spells memorised:
                  | Sandblast, Passwall, Stone Arrow, Petrify.
     0 | D:1      | Reached XP level 1. HP: 15/15 MP: 0/0
    24 | D:1      | You are sucked into a shaft and drop 1 floor!
   122 | D:1      | Reached XP level 2. HP: 20/21 MP: 0/0
   368 | D:1      | Reached skill level 3 in Spellcasting
   577 | D:2      | Reached XP level 3. HP: 23/25 MP: 0/0
   577 | D:2      | Learned a level 1 spell: Shock
   956 | D:3      | Reached XP level 4. HP: 30/31 MP: 0/0
  1253 | D:3      | Noticed a scorpion
  1267 | D:3      | Killed a scorpion
  1268 | D:3      | Reached skill level 4 in Spellcasting
  1268 | D:3      | Reached skill level 1 in Fighting
  1268 | D:3      | Reached XP level 5. HP: 16/37 MP: 0/0
  1268 | D:3      | Learned a level 2 spell: Poisonous Vapours
  1776 | D:4      | Found Otsy's Jewellery Boutique.
  1784 | D:4      | Found Rummes's Antique Weapon Boutique.
  1836 | D:4      | Reached skill level 1 in Armour
  2077 | D:4      | Reached XP level 6. HP: 36/43 MP: 0/0
  2084 | D:4      | Found Zeph's Magic Scroll Boutique.
  2102 | D:4      | Bought a scroll of blinking for 97 gold pieces
  2275 | D:4      | Found Kifas's Antique Weapon Boutique.
  2412 | D:4      | Noticed an ogre
  2425 | D:4      | Killed an ogre
  2495 | D:5      | Entered Level 5 of the Dungeon
  2542 | D:5      | Reached XP level 7. HP: 33/49 MP: 0/0
  2542 | D:5      | Learned a level 3 spell: Gell's Gravitas
  2821 | D:5      | Noticed Dowan
  2822 | D:5      | Noticed Duvessa
  2840 | D:5      | HP: 2/50 [Duvessa/+0 short sword (5)]
  2842 | D:5      | Slain by Duvessa

Illustrated notes

Levels and vault maps discovered:
D:1:      dpeg_arrival_short_road, layout_rooms
D:2:      layout_rooms
D:3:      layout_basic, grunt_ministairs_12
D:4:      layout_gridville, serial_shops, nicolae_shop_just_a_little_nook,
          nicolae_shop_window_shopping, shop_statue, shop
D:5:      layout_rooms, minmay_temple_entry_crystal_x, serial_demonic,
          serial_demonic_a, serial_demonic_d, serial_demonic_e,
          serial_demonic_f, serial_demonic_f, serial_demonic_g, uniq_duvessa

Skill      XL: |  1  2  3  4  5  6  7 |
---------------+----------------------+-----
Spellcasting   | 3 4 |  4.8
Fighting       | 1 2 3 |  3.3
Armour         | 1 2 |  2.2
Stealth        | 2 |  2.6
Dodging        | |  2.1

Action                     |  1- 3 |  4- 6 |  7- 9 || total
---------------------------+-------+-------+-------++-------
  Melee: Short sword       |     9 |       |       ||     9
   Cast: Sandblast         |    24 |    11 |    12 ||    47
         Shock             |    15 |    55 |     1 ||    71
         Stone Arrow       |       |    10 |     4 ||    14
         Poisonous Vapours |       |     8 |     4 ||    12
         Gell's Gravitas   |       |       |     2 ||     2
 Armour: Robe              |     2 |     2 |       ||     4
         Ring mail         |       |     4 |    11 ||    15
  Dodge: Dodged            |    10 |    10 |    19 ||    39
